 Dungeon Crawl Stone Soup version 0.17.0-27-g4a3f43e (webtiles) character file.

466 septik the Magician (level 6, -8/32 HPs)
             Began as a Deep Elf Fire Elementalist on Nov 21, 2015.
             Was an Initiate of Vehumet.
             Shot with an arrow by a centaur (17 damage)
             ... on level 6 of the Dungeon.
             The game lasted 00:08:22 (3849 turns).

septik the Magician (Deep Elf Fire Elementalist)    Turns: 3849, Time: 00:08:23

Health: -8/32      AC:  4    Str:  5    XL:     6   Next: 81%
Magic:  1/16       EV: 13    Int: 22    God:    Vehumet [......]
Gold:   181        SH:  0    Dex: 15    Spells: 4 memorised, 3 levels left

rFire  . . .     SeeInvis .     l - +0 rapier (curse)
rCold  . . .     Clarity  .     a - +0 robe
rNeg   . . .     SustAt   .     (no shield)
rPois  .         Gourm    .     y - +1 helmet
rElec  .         Spirit   .     (no cloak)
rCorr  .         Warding  .     (no gloves)
rMut   .         Stasis   .     (no boots)
MR     .....                    (no amulet)
Stlth  ++........               (no ring)
                                (no ring)

@: not resistant to hostile enchantments, unstealthy
A: no striking features
a: Renounce Religion


You were on level 6 of the Dungeon.
You worshipped Vehumet.
Vehumet was noncommittal.
You were not hungry.

You visited 1 branch of the dungeon, and saw 7 of its levels.

You collected 181 gold pieces.

Inventory:

Hand Weapons
 l - a cursed +0 rapier (weapon)
 u - a +0 hand axe of venom
Missiles
 k - 57 stones (quivered)
Armour
 a - a +0 robe (worn)
 y - a +1 helmet (worn)
Jewellery
 g - an uncursed amulet of guardian spirit {unknown}
 o - a +4 ring of intelligence {unknown}
 F - a +3 ring of strength {unknown}
Wands
 q - a wand of magic darts (31)
 B - a wand of draining (9)
 E - a wand of draining (4)
Scrolls
 f - 7 scrolls of identify {unknown}
 h - 2 scrolls of teleportation {unknown}
 i - 5 scrolls of noise {unknown}
 j - 5 scrolls of remove curse {unknown}
 n - a scroll of amnesia {unknown}
 r - 2 scrolls of enchant armour {unknown}
 t - a scroll of recharging {unknown}
 v - a scroll of magic mapping {unknown}
 x - a scroll of random uselessness {unknown}
 C - a scroll of immolation {unknown}
Potions
 d - 3 potions of curing {unknown}
 e - a potion of lignification {unknown}
 m - a potion of might {unknown}
 s - a potion of beneficial mutation {unknown}
 w - a potion of poison {unknown}
 z - a potion of invisibility {unknown}
 A - a potion of ambrosia {unknown}
 I - a potion of flight {unknown}
 J - a potion of mutation {unknown}
Books
 b - a book of Flames

   Spells                             Type                      Level
   a - Flame Tongue                   Conjuration/Fire             1
   b - Throw Flame                    Conjuration/Fire             2
   c - Conjure Flame                  Conjuration/Fire             3
   d - Inner Flame                    Hexes/Fire                   3
   e - Sticky Flame                   Conjuration/Fire             4
   f - Fireball                       Conjuration/Fire             5
Comestibles
 c - a bread ration
 p - 5 meat rations
 D - a slice of pizza
 G - 4 fruits
 H - a beef jerky
 K - 6 chunks of flesh


   Skills:
 - Level 2.4 Dodging
 - Level 2.4 Stealth
 + Level 5.5 Spellcasting
 + Level 5.4 Conjurations
 + Level 5.2 Fire Magic


You had 3 spell levels left.
You knew the following spells:

 Your Spells              Type           Power        Failure   Level  Hunger
a - Flame Tongue          Conj/Fire      ####.        1%          1    None
b - Conjure Flame         Conj/Fire      ####....     3%          3    ##.....
c - Sticky Flame          Conj/Fire      ####....     12%         4    ####...
d - Fireball              Conj/Fire      ####......   34%         5    #####..


Dungeon Overview and Level Annotations

Branches:
Dungeon (7/15)
 Temple: D:4-7

Altars:
Ashenzari
Elyvilon
Makhleb
Nemelex Xobeh
Ru
Vehumet
Yredelemnul

Annotations:
D:6 atarun's ghost, novice HaBe


Message History

The centaur wields a shortbow.
The centaur shoots an arrow.
The arrow hits you!
Casting: Flame Tongue
Confirm with . or Enter, or press ? or * to list all spells.
Aiming: Flame Tongue
Press: ? - help, Shift-Dir - straight line, f/p - atarun's ghost
Aim: atarun's ghost, wielding a weapon of protection (lightly damaged)
The flame tongue hits atarun's ghost.
Atarun's ghost is moderately damaged.
The centaur shoots an arrow.
The arrow hits you!
* * * LOW HITPOINT WARNING * * *
Casting: Flame Tongue
Confirm with . or Enter, or press ? or * to list all spells.
Aiming: Flame Tongue
Press: ? - help, Shift-Dir - straight line, f/p - atarun's ghost
Aim: atarun's ghost, wielding a weapon of protection (moderately damaged)
The flame tongue hits atarun's ghost.
Atarun's ghost appears unharmed.
Atarun's ghost is moderately damaged.
The centaur shoots an arrow.
The arrow hits you!
Ouch! That really hurt!
You die...

# ########.....##..
#'###.....÷'.........
...........#.........
.........##.....##..
.##.....##.....##..
#.c...##......... ####
#.....#.......#.
##....##.....##......#
....5W§@....(# ####..#
.....o######## .....
.... #.# #


You could see an orc warrior, a centaur, atarun's ghost and a crimson imp.

Vanquished Creatures
  A phantom (D:4)
  A giant frog (D:6)
  A jelly (D:6)
  A crimson imp (D:5)
  An orc wizard (D:4)
  2 worker ants
  A hound skeleton (D:4)
  Robin (D:3)
  4 adders
  2 oozes
  2 worms (D:2)
  3 giant geckos
  9 orcs
  2 ball pythons (D:1)
  6 giant cockroaches
  16 goblins
  7 hobgoblins
  10 kobolds
  A quokka (D:2)
  8 bats
  2 giant newts
  6 rats
87 creatures vanquished.

Vanquished Creatures (others)
  A quokka (D:3)
1 creature vanquished.

Grand Total: 88 creatures vanquished

Notes
Turn   | Place    | Note
--------------------------------------------------------------
     0 | D:1      | septik the Deep Elf Fire Elementalist began the quest for the Orb.
     0 | D:1      | Reached XP level 1. HP: 10/10 MP: 6/6
   229 | D:1      | Reached XP level 2. HP: 6/15 MP: 0/8
   973 | D:2      | Reached XP level 3. HP: 19/19 MP: 7/9
  1263 | D:2      | Found a shattered altar of Ashenzari.
  1263 | D:2      | Found a basalt altar of Yredelemnul.
  1264 | D:2      | Found a burning altar of Makhleb.
  1285 | D:2      | Found a sacrificial altar of Ru.
  1339 | D:2      | Reached skill level 4 in Fire Magic
  1339 | D:2      | Reached XP level 4. HP: 13/24 MP: 3/11
  1836 | D:3      | Learned a level 3 spell: Conjure Flame
  1841 | D:3      | Learned a level 4 spell: Sticky Flame
  1854 | D:3      | Found a white marble altar of Elyvilon.
  1965 | D:3      | Found a radiant altar of Vehumet.
  2020 | D:3      | Became a worshipper of Vehumet
  2061 | D:3      | Noticed Robin
  2086 | D:3      | Killed Robin
  2762 | D:4      | Noticed a phantom
  2802 | D:4      | Killed a phantom
  2802 | D:4      | Reached XP level 5. HP: 28/28 MP: 1/13
  2939 | D:4      | Found a sparkling altar of Nemelex Xobeh.
  3260 | D:4      | Reached XP level 6. HP: 30/32 MP: 10/15
  3349 | D:4      | Reached skill level 5 in Conjurations
  3402 | D:4      | Learned a level 5 spell: Fireball
  3636 | D:5      | Entered Level 5 of the Dungeon
  3643 | D:5      | Reached skill level 5 in Spellcasting
  3720 | D:5      | You fall through a shaft for 2 floors!
  3811 | D:6      | Reached skill level 5 in Fire Magic
  3819 | D:6      | Noticed atarun's ghost (novice HaBe)
  3849 | D:6      | Shot with an arrow by a centaur

Action                   |  1- 3 |  4- 6 || total
-------------------------+-------+-------++-------
Melee: Unarmed           |     1 |       ||     1
       Rapier            |       |    25 ||    25
 Cast: Flame Tongue      |    71 |   103 ||   174
       Conjure Flame     |       |     2 ||     2
  Eat: Chunk             |     1 |     8 ||     9
